Map: Orbital Shipyard

Players

Reylight

  • Race: Zerg Zerg
  • League: Master

NoveaStarFan - Winner!

  • Race: Zerg Zerg
  • League: Master

VOD

Have the link to the VOD?

Description

Ping hacker + obvious hacker

Master league

Name : Reylight

Time

  • Played on: Dec. 14, 2015, 4:46 p.m.
  • Length: 4:15
Show
View Real Time Build Order
Export as new Build Order

Reylight Zerg 

Build Orders: Hatch First 

Get SALT Encoding   

  12  0:02  Drone  
  13  0:10  Drone  
  14  0:17  Overlord  
  14  0:21  Extractor  
  14  0:23  Drone  
  15  0:36  Drone x2  
  17  0:55  Hatchery, Drone  
  17  1:08  Spawning Pool  
  16  1:12  Drone  
  16  1:14  Drone  
  18  1:18  Drone  
  19  1:29  Overlord  
  19  1:48  Hatchery  
  18  1:54  Queen  
  20  2:01  Zergling x4  
  20  2:03  Zergling x2  
  23  2:10  Spine Crawler  
  23  2:13  Zergling x2  
  23  2:16  Zergling x2  
  24  2:26  Queen  
  26  2:38  Queen  
  28  2:47  Zergling x2  
  29  3:02  Queen  
  31  3:11  Drone  
  31  3:12  Zergling x10  
  16  3:28  Drone  
Show
View Real Time Build Order
Export as new Build Order

NoveaStarFan Zerg - Winner!

Build Orders: Pool First 

Get SALT Encoding   

  12  0:01  Drone  
  13  0:14  Extractor  
  12  0:23  Spawning Pool  
  12  0:28  Drone  
  12  0:33  Drone  
  13  0:37  Drone  
  14  0:49  Overlord  
  14  1:09  Queen  
  16  1:16  Metabolic Boost  
  16  1:18  Zergling x2  
  17  1:21  Zergling x2  
  17  1:25  Zergling x2  
  19  1:29  Zergling x2  
  20  1:40  Zergling x2  
  21  1:50  Baneling Nest  
  21  1:52  Zergling x2  
  21  2:01  Zergling x2  
  22  2:12  Overlord  
  22  2:33  Baneling  
  22  2:34  Baneling x4  
  22  2:35  Zergling x6  
  25  2:42  Drone  
  26  2:50  Zergling x6  
  29  3:03  Zergling x2  
  25  3:27  Drone x4  
  29  3:35  Hatchery  
  29  3:39  Drone  
  24  3:51  Drone  
  24  3:52  Drone  
Tags
 
Add a new tag
Caveats
  • Supply blocks, unpowered buildings, or Contaminate may cause inaccurate times.
  • Supply counts are checked every 10 seconds.